AoeStats
← ITZ | AutocavS

Arabia

509266180Analyzed
2v2 RM · 8d ago on Sep 26, 2026· 31m 40s· 4 players
Game mode
Random Map
Map size
Medium (4 player)
Population
200
Speed
Normal
Resources
Standard
Victory
Conquest
Starting age
Dark Age
Ending age
Imperial Age
RankedLock teamsTeams togetherTeam positionsShared explorationLock speedFull tech treeHidden civsTurbo modeCheats
Victory
Defeat
🇨🇱 Ethiopians · Chile
1464
+14
🇨🇱 Persians · Chile
1406
+17
🇦🇷 Shu · Argentina
1435
-16
🇦🇷 Franks · Argentina
1422
-15
ITZ | Cappe73
6:42 Loom
9:08 Feudal Age
15:08 Fletching
15:29 Padded Archer Armor
15:42 Double-Bit Axe
22:08 Castle Age
21:26 Gold Mining
22:49 Bodkin Arrow
23:23 Bow Saw
22:40 Crossbowman
23:37 Leather Archer Armor
23:44 Thumb Ring
24:59 Ballistics
28:43 Gold Shaft Mining
29:14 Wheelbarrow
30:39 Leather Archer Armor
ITZ | AutocavS
5:57 Loom
9:15 Feudal Age
11:04 Double-Bit Axe
24:19 Castle Age
22:23 Gold Mining
23:06 Scale Barding Armor
23:34 Forging
SIM | PilSeN___
5:58 Loom
8:34 Feudal Age
8:57 Double-Bit Axe
9:25 Town Watch
13:37 Wheelbarrow
21:42 Castle Age
20:37 Scale Barding Armor
21:34 Bloodlines
21:36 Forging
21:13 Horse Collar
22:40 Bow Saw
23:45 Gold Mining
27:18 Chain Barding Armor
27:41 Husbandry
30:30 Iron Casting
SIM | Yoyi
6:41 Loom
9:28 Feudal Age
9:59 Double-Bit Axe
13:02 Town Watch
15:15 Fletching
21:52 Castle Age
21:22 Padded Archer Armor
21:15 Horse Collar
21:38 Gold Mining
22:15 Crossbowman
22:51 Bodkin Arrow
22:57 Bodkin Arrow
34:13 Imperial Age
Connection lost

Rejoining the realm…

Still unreachable

The connection could not be restored.

Session expired

The server has moved on; the page needs a fresh start.